 Dungeon Crawl Stone Soup version 0.22.0-5-gf09313c (webtiles) character file.

869 razzle the Insei (level 8, -2/67 HPs)
             Began as a Gnoll Monk on Aug 14, 2018.
             Was a Believer of Wu Jian.
             Killed by nerve-wracking pain
             ... invoked by Menkaure
              (4 damage)
             ... on level 5 of the Dungeon.
             The game lasted 00:10:29 (3984 turns).

razzle the Insei (Gnoll Monk)                       Turns: 3984, Time: 00:10:30

Health: -2/67      AC:  3    Str: 13    XL:     8   Next: 3%
Magic:  12/12      EV: 18    Int: 13    God:    Wu Jian [**....]
Gold:   207        SH:  0    Dex: 20    Spells: 12/12 levels left

rFire    . . .     SeeInvis .     - Unarmed
rCold    . . .     Gourm    .   (no shield)
rNeg     . . .     Faith    .   a - +0 robe
rPois    .         Spirit   .   (no helmet)
rElec    .         Reflect  .   (no cloak)
rCorr    .         Harm     .   u - +0 pair of gloves
MR       .....                  (no boots)
Stlth    +++.......             (no amulet)
HPRegen  0.21/turn              (no ring)
MPRegen  0.13/turn              (no ring)

@: no status effects
A: distributed training, fangs 1, strong nose
a: Wall Jump, Renounce Religion


You were on level 5 of the Dungeon.
You worshipped Wu Jian.
Wu Jian was pleased with you.
You were not hungry.

You visited 2 branches of the dungeon, and saw 6 of its levels.

You collected 207 gold pieces.

Inventory:

Armour
 a - a +0 robe (worn)
 u - a +0 pair of gloves (worn)
Scrolls
 c - a scroll of noise {unknown}
 i - 5 scrolls of identify {unknown}
 j - 2 scrolls of fear {unknown}
 l - a scroll of amnesia {unknown}
 m - a scroll of enchant armour {unknown}
 n - a scroll of fog {unknown}
 o - a scroll of remove curse {unknown}
 p - a scroll of teleportation {unknown}
 q - a scroll of random uselessness {unknown}
 r - a scroll of blinking {unknown}
 s - a scroll of immolation {unknown}
 v - a scroll of enchant weapon {unknown}
Potions
 d - a potion of cancellation
 e - 5 potions of curing {unknown}
 f - 4 potions of haste
 g - a potion of degeneration {unknown}
 h - a potion of might {unknown}
 k - 2 potions of agility {unknown}
 t - a potion of flight {unknown}
Comestibles
 b - 8 rations
 w - 3 chunks of flesh


   Skills:
 + Level 7.2 Fighting
 + Level 2.8 Short Blades
 + Level 2.8 Long Blades
 + Level 2.8 Axes
 + Level 2.8 Maces & Flails
 + Level 2.8 Polearms
 + Level 2.8 Staves
 + Level 2.8 Slings
 + Level 2.8 Bows
 + Level 2.8 Crossbows
 + Level 2.8 Throwing
 + Level 2.8 Armour
 + Level 7.2 Dodging
 + Level 5.1 Stealth
 + Level 2.8 Shields
 + Level 7.2 Unarmed Combat
 + Level 2.8 Spellcasting
 + Level 2.3 Conjurations
 + Level 2.3 Hexes
 + Level 2.3 Charms
 + Level 2.3 Summonings
 + Level 2.3 Necromancy
 + Level 2.3 Translocations
 + Level 2.3 Transmutations
 + Level 2.3 Fire Magic
 + Level 2.3 Ice Magic
 + Level 2.3 Air Magic
 + Level 2.3 Earth Magic
 + Level 2.3 Poison Magic
 + Level 3.1 Invocations
 + Level 2.8 Evocations


You had 12 spell levels left.
You didn't know any spells.
Your spell library was empty.

Dungeon Overview and Level Annotations

Branches:
Dungeon (5/15)             Temple (1/1) D:4

Altars:
Cheibriados
Dithmenos
Elyvilon
Fedhas
Gozag
Hepliaklqana
Kikubaaqudgha
Makhleb
Okawaru
Qazlal
Ru
Sif Muna
Trog
Uskayaw
Vehumet
Wu Jian
Xom
Yredelemnul
Zin
The Shining One

Annotations:
D:5 Menkaure


Innate Abilities, Weirdness & Mutations

Your experience applies equally to all skills.
You have very sharp teeth.
Your uncanny sense of smell can sniff out nearby items.


Message History

The ogre is almost dead.
Menkaure giggles, "These cerements are ticklish..."
Menkaure casts a spell at you.
You struggle to resist.
You punch the ogre!
You kill the ogre!
The Council accepts your kill.
You have reached level 8!
You feel agile. Menkaure hits you!!
* * * LOW HITPOINT WARNING * * *
You hit Menkaure.
Menkaure is lightly damaged.
Menkaure calls on the powers of darkness!
You feel a surge of unholy energy.
Unknown command.
It was a potion of cancellation.
You feel magically purged.
Menkaure gestures at you while chanting.
Pain shoots through your body!
You die...

##...##.# .........#
.........>##
...........#
###.#.......## .
.............# .#
....#.#.#.).##### .#
#........#M......# .#
..........@...###.# .#
#.............## .#
#......#.#.#..#
.#####......#......#
...............###.###
.##............#......
.##..............#.###
..+.....#####.#..#.#
.##.....# #......#.##


You could see Menkaure.

Vanquished Creatures
  2 ogres
  A phantom (D:3)
  A crimson imp (D:5)
  5 orc priests
  A bullfrog skeleton (D:5)
  5 orc wizards
  A worker ant (D:4)
  3 gnolls (D:4)
  4 adders
  2 adder skeletons (D:5)
  3 worms
  2 dart slugs
  4 leopard geckos
  34 orcs
  7 giant cockroaches
  6 goblins
  11 hobgoblins
  10 jackals
  9 kobolds
  4 quokkas
  2 ball pythons (D:3)
  7 bats
  3 frilled lizards
  10 rats
137 creatures vanquished.

Vanquished Creatures (others)
  A jackal (D:3)
1 creature vanquished.

Grand Total: 138 creatures vanquished

Notes
Turn   | Place    | Note
-------+----------+-------------------------------------------
     0 | D:1      | razzle the Gnoll Monk began the quest for the Orb.
     0 | D:1      | Reached XP level 1. HP: 23/23 MP: 1/1
   102 | D:1      | Reached XP level 2. HP: 23/29 MP: 2/2
   688 | D:2      | Reached XP level 3. HP: 35/35 MP: 3/3
   773 | D:2      | Reached skill level 1 in Invocations
   848 | D:2      | Reached skill level 1 in Short Blades
   848 | D:2      | Reached skill level 1 in Long Blades
   848 | D:2      | Reached skill level 1 in Axes
   848 | D:2      | Reached skill level 1 in Maces & Flails
   848 | D:2      | Reached skill level 1 in Polearms
   848 | D:2      | Reached skill level 1 in Staves
   848 | D:2      | Reached skill level 1 in Slings
   848 | D:2      | Reached skill level 1 in Bows
   848 | D:2      | Reached skill level 1 in Crossbows
   848 | D:2      | Reached skill level 1 in Throwing
   848 | D:2      | Reached skill level 1 in Armour
   848 | D:2      | Reached skill level 1 in Shields
   848 | D:2      | Reached skill level 1 in Spellcasting
   848 | D:2      | Reached skill level 1 in Evocations
   855 | D:2      | Reached XP level 4. HP: 36/41 MP: 5/5
  1061 | D:2      | Found an iron altar of Okawaru.
  1061 | D:2      | Found a basalt altar of Yredelemnul.
  1066 | D:2      | Found a white marble altar of Elyvilon.
  1070 | D:2      | Found an opulent altar of Gozag.
  1074 | D:2      | Found a hide-covered altar of Uskayaw.
  1519 | D:3      | Reached skill level 1 in Conjurations
  1519 | D:3      | Reached skill level 1 in Hexes
  1519 | D:3      | Reached skill level 1 in Charms
  1519 | D:3      | Reached skill level 1 in Summonings
  1519 | D:3      | Reached skill level 1 in Necromancy
  1519 | D:3      | Reached skill level 1 in Translocations
  1519 | D:3      | Reached skill level 1 in Transmutations
  1519 | D:3      | Reached skill level 1 in Fire Magic
  1519 | D:3      | Reached skill level 1 in Ice Magic
  1519 | D:3      | Reached skill level 1 in Air Magic
  1519 | D:3      | Reached skill level 1 in Earth Magic
  1519 | D:3      | Reached skill level 1 in Poison Magic
  1519 | D:3      | Reached XP level 5. HP: 35/47 MP: 6/6
  1789 | D:3      | Found an ancient bone altar of Kikubaaqudgha.
  1955 | D:3      | Noticed a phantom
  1981 | D:3      | Killed a phantom
  1981 | D:3      | Reached XP level 6. HP: 33/53 MP: 8/8
  2643 | D:4      | Reached XP level 7. HP: 38/59 MP: 10/10
  2785 | D:4      | Found a snail-covered altar of Cheibriados.
  2828 | D:4      | Found a staircase to the Ecumenical Temple.
  2866 | Temple   | Entered the Ecumenical Temple
  3109 | Temple   | Became a worshipper of the Wu Jian Council
  3109 | Temple   | Reached * piety under Wu Jian
  3109 | Temple   | Reached ** piety under Wu Jian
  3763 | D:5      | Entered Level 5 of the Dungeon
  3783 | D:5      | Reached skill level 5 in Stealth
  3968 | D:5      | Noticed Menkaure
  3981 | D:5      | Reached XP level 8. HP: 23/67 MP: 12/12
  3981 | D:5      | HP: 2/67 [Menkaure (21)]
  3984 | D:5      | Killed from afar by Menkaure

Skill      XL: |  1  2  3  4  5  6  7 |
---------------+----------------------+-----
Invocations    | 1 2 3 |  3.1
Short Blades   | 1 2 |  2.8
Long Blades    | 1 2 |  2.8
Axes           | 1 2 |  2.8
Maces & Flails | 1 2 |  2.8
Polearms       | 1 2 |  2.8
Staves         | 1 2 |  2.8
Slings         | 1 2 |  2.8
Bows           | 1 2 |  2.8
Crossbows      | 1 2 |  2.8
Throwing       | 1 2 |  2.8
Armour         | 1 2 |  2.8
Shields        | 1 2 |  2.8
Spellcasting   | 1 2 |  2.8
Evocations     | 1 2 |  2.8
Conjurations   | 1 2 |  2.3
Hexes          | 1 2 |  2.3
Charms         | 1 2 |  2.3
Summonings     | 1 2 |  2.3
Necromancy     | 1 2 |  2.3
Translocations | 1 2 |  2.3
Transmutations | 1 2 |  2.3
Fire Magic     | 1 2 |  2.3
Ice Magic      | 1 2 |  2.3
Air Magic      | 1 2 |  2.3
Earth Magic    | 1 2 |  2.3
Poison Magic   | 1 2 |  2.3
Fighting       | 7 |  7.2
Dodging        | 7 |  7.2
Unarmed Combat | 7 |  7.2
Stealth        | 5 |  5.1

Action                   |  1- 3 |  4- 6 |  7- 9 || total
-------------------------+-------+-------+-------++-------
Melee: Unarmed           |    87 |   222 |   116 ||   425
       Bite              |     4 |    23 |    18 ||    45
       Punch             |     2 |     3 |       ||     5
Invok: Lunge             |       |       |     6 ||     6
       Wall Jump         |       |       |     4 ||     4
  Use: Potion            |       |       |     1 ||     1
 Stab: Sleeping          |     8 |     8 |     4 ||    20
       Distracted        |     1 |       |       ||     1
  Eat: Chunk             |       |     6 |     4 ||    10
Armor: Robe              |     5 |    15 |     8 ||    28
Dodge: Dodged            |    59 |   160 |    70 ||   289
